 Dungeon Crawl Stone Soup version 0.28-a0-1159-g27aa881441 (webtiles) character file.

Game seed: 8741805921529800974

1768 SensoryNuts the Slasher (level 8, -4/62 HPs)
             Began as a Demonspawn Fighter on Dec 15, 2021.
             Was an Initiate of Yredelemnul.
             Succumbed to a hornet's poison
             ... on level 7 of the Dungeon.
             The game lasted 00:12:49 (7659 turns).

SensoryNuts the Slasher (Demonspawn Fighter)        Turns: 7659, Time: 00:12:50

Health: -4/62      AC: 13    Str: 18 (19) XL:     8   Next: 80%
Magic:  8/8        EV:  8    Int:  8 (9)  God:    Yredelemnul [......]
Gold:   326        SH: 10    Dex: 13      Spells: 4/7 levels left

rFire   . . .      SeeInvis .   a - +1 long sword
rCold   . . .      Faith    .   c - +0 buckler
rNeg    . . .      Spirit   .   j - +1 chain mail
rPois   .          Reflect  +   (helmet restricted)
rElec   .          Harm     .   (no cloak)
rCorr   .          Rampage  .   n - +0 pair of gloves
Will    .....                   i - +0 pair of boots
Stlth   ..........              h - amulet of reflection
HPRegen 0.20/turn               (no ring)
MPRegen 0.11/turn               (no ring)

@: lethally poisoned (-4 -> -25), slowed, very slow
A: horns 1, demonic guardian 2, deterioration 1
a: Renounce Religion, Recall Undead Harvest


You were on level 7 of the Dungeon.
You worshipped Yredelemnul.
Yredelemnul was noncommittal.
You visited 2 branches of the dungeon, and saw 8 of its levels.

You collected 326 gold pieces.

Inventory:

Hand Weapons
 a - a +1 long sword (weapon)
 k - a +2 flail of protection
 r - a +1 rapier of venom
Armour
 b - a +0 scale mail
 c - a +0 buckler (worn)
 i - a +0 pair of boots (worn)
 j - a +1 chain mail (worn)
 n - a +0 pair of gloves (worn)
 p - a +0 ring mail
Jewellery
 d - an amulet of regeneration
 g - a +6 ring of dexterity
 h - an amulet of reflection (around neck)
Wands
 t - a wand of acid (17)
Scrolls
 f - 2 scrolls of vulnerability
 m - a scroll of amnesia
 o - 2 scrolls of silence
Potions
 e - 3 potions of flight
 l - 4 potions of attraction
 q - a potion of degeneration


   Skills:
 + Level 5.1 Fighting
 + Level 6.1 Long Blades
 + Level 6.0 Armour
 + Level 2.4 Dodging
 + Level 0.6 Stealth
 + Level 5.2 Shields


You had 4 spell levels left.
You knew the following spells:

 Your Spells              Type           Power      Damage    Failure   Level
a - Summon Guardian Gole  Hex/Summ       0%         N/A       100%        3

Your spell library contained the following spells:

 Spells                   Type           Power      Damage    Failure   Level
 Confusing Touch          Hex            0%         N/A       100%        3
 Dazzling Flash           Conj/Hex       0%         N/A       100%        3
 Gell's Gravitas          Tloc           0%         N/A       100%        3
 Ozocubu's Armour         Ice            0%         N/A       100%        3
 Teleport Other           Tloc           0%         N/A       100%        3
 Metabolic Englaciation   Hex/Ice        0%         N/A       100%        5
 Dispersal                Tloc           0%         N/A       100%        6
 Ozocubu's Refrigeration  Ice            0%         4d5       100%        7


Dungeon Overview and Level Annotations

Branches:
Dungeon (7/15)             Temple (1/1) D:5

Altars:
Ashenzari
Cheibriados
Dithmenos
Elyvilon
Fedhas
Gozag
Hepliaklqana
Kikubaaqudgha
Makhleb
Nemelex Xobeh
Okawaru
Qazlal
Ru
Sif Muna
Trog
Uskayaw
Vehumet
Wu Jian
Xom
Yredelemnul
Zin
The Shining One

Shops:
D:4 (


Innate Abilities, Weirdness & Mutations

You have a pair of small horns on your head.
A demonic guardian rushes to your aid.
Your body sometimes deteriorates upon taking damage.


Message History

You block the wyvern skeleton's attack.
You slash the wyvern skeleton! You headbutt the wyvern skeleton.
The wyvern skeleton is moderately damaged.
The wyvern skeleton bites you but does no damage.
The hornet closely misses you.
You slash the wyvern skeleton! You headbutt the wyvern skeleton!
The wyvern skeleton is severely damaged.
The wyvern skeleton bites you! The hornet stings you.
You are poisoned.
You suddenly lose the ability to move!
The wyvern skeleton bites you.
You feel very sick. The hornet stings you.
You are more poisoned.
You shrug off the repeated paralysis!
The wyvern skeleton bites you!
Your body deteriorates!
You feel weakened. The hornet stings you.
You feel yourself slow down.
You feel very sick.
The hornet stings you but does no damage.
The wyvern skeleton bites you.
You can move again.
Okay, then.
Unknown command.
You slash the hornet! You headbutt the hornet.
The hornet is heavily wounded.
You feel very sick. You block the hornet's attack.
You block the wyvern skeleton's attack. The hornet stings you.
* * * LOW HITPOINT WARNING * * *
You are lethally poisoned!
You feel as though you will be slow longer.
The wyvern skeleton bites you but does no damage.
The hornet stings you!
* * * LOW HITPOINT WARNING * * *
Your body deteriorates!
You feel dopey.
A demonic guardian appears!
You feel as though you will be slow longer.
You hit the hornet.
The hornet is severely wounded.
You die...
Your body rises from the dead as a mindless zombie.

##+##
##...##
##8...8##
#.$.....#
#.<.8.>.#
#..yZ...#
#8.@.8#
##.4.##
#####


You could see a hornet, a wyvern skeleton (ally target) and a friendly rust
devil (summoned).

Vanquished Creatures
  An ice beast (D:6)
  A black bear (D:6)
  A centaur (D:5)
  A phantom (D:6)
  A scorpion (D:6)
  A water moccasin skeleton (D:3)
  3 hounds
  A jelly (D:5)
  An orc priest (D:5)
  A bullfrog skeleton (D:3)
  2 centaur skeletons
  A gnoll shaman (D:6)
  An iguana (D:5)
  An orc wizard (D:5)
  The ghost of spaghetti the Sneak, a weakling OpDe (D:3)
  5 gnolls (D:6)
  2 howler monkey zombies
  4 adders
  A shadow imp (D:3)
  2 white imps
  An ufetubus (D:4)
  2 worms
  The ghost of spaghetti the Sneak, a weakling OpDe (D:6)
  2 dart slugs
  13 orcs
  6 endoplasms
  3 giant cockroaches
  11 hobgoblins
  7 kobolds
  2 quokkas
  7 ball pythons
  5 bats
  5 frilled lizards
  5 goblins
  5 rats
107 creatures vanquished.

Vanquished Creatures (collateral kills)
  Pikel (D:6)
  A black bear (D:4)
  A bullfrog (D:6)
  A gnoll sergeant (D:6)
  A jelly (D:6)
  4 gnolls (D:6)
  2 orcs
  An endoplasm (D:4)
12 creatures vanquished.

Vanquished Creatures (others)
  A bullfrog zombie (D:6)
  A spectral jelly (D:6)
  An adder zombie (D:6)
  A spectral white imp (D:6)
  4 gnoll zombies (D:6)
  2 orc zombies
10 creatures vanquished.

Grand Total: 129 creatures vanquished

Notes
Turn   | Place    | Note
-------+----------+-------------------------------------------
     0 | D:1      | SensoryNuts the Demonspawn Fighter began the quest for the
                  | Orb.
     0 | D:1      | Reached XP level 1. HP: 18/18 MP: 1/1
   296 | D:1      | Gained mutation: You have a pair of small horns on your
                  | head. [demonic ancestry]
   296 | D:1      | Reached XP level 2. HP: 10/24 MP: 2/2
  1180 | D:2      | Reached XP level 3. HP: 22/29 MP: 3/3
  1493 | D:2      | You fall into a shaft and drop 2 floors!
  1493 | D:4      | Found a snail-covered altar of Cheibriados.
  1502 | D:4      | Gained mutation: A weak demonic guardian rushes to your
                  | aid. [demonic ancestry]
  1502 | D:4      | Reached XP level 4. HP: 34/35 MP: 4/4
  1534 | D:4      | Reached skill level 1 in Dodging
  1608 | D:4      | Found Mifakhly's Antique Weapon Shop.
  1767 | D:4      | Noticed a black bear
  1776 | D:4      | Killed a black bear
  1777 | D:4      | Reached XP level 5. HP: 23/41 MP: 5/5
  2827 | D:3      | Found a transporter.
  2830 | D:3      | Found a transporter.
  2833 | D:3      | Noticed spaghetti's ghost (weakling OpDe)
  3023 | D:3      | Reached XP level 6. HP: 47/48 MP: 6/6
  3029 | D:3      | Killed spaghetti's ghost
  3828 | D:5      | Entered Level 5 of the Dungeon
  4144 | D:5      | Reached XP level 7. HP: 44/54 MP: 7/7
  4299 | D:5      | Found a staircase to the Ecumenical Temple.
  4313 | Temple   | Entered the Ecumenical Temple
  4550 | Temple   | Became a worshipper of Yredelemnul the Dark
  4611 | D:5      | Reached skill level 5 in Long Blades
  4611 | D:5      | Reached * piety under Yredelemnul
  4612 | D:5      | Gained mutation: Your body sometimes deteriorates upon
                  | taking damage. [potion of mutation]
  5162 | D:6      | Got the Collected Works on Malediction and Summoning
  5180 | D:6      | Learned a level 3 spell: Summon Guardian Golem
  5222 | D:6      | Noticed spaghetti's ghost (weakling OpDe)
  5223 | D:6      | Found a runed translucent gate.
  5224 | D:6      | Found a runed translucent gate.
  5224 | D:6      | Found a runed translucent gate.
  5769 | D:6      | Noticed Pikel
  6344 | D:6      | Gained mutation: A demonic guardian rushes to your aid.
                  | [demonic ancestry]
  6344 | D:6      | Reached XP level 8. HP: 7/61 MP: 8/8
  6677 | D:6      | Reached skill level 5 in Armour
  6724 | D:6      | Found a large runed translucent door.
  6725 | D:6      | Found a large runed translucent door.
  6749 | D:6      | HP: 2/61 [Pikel (3)]
  6757 | D:6      | Killed Pikel
  6758 | D:6      | Reached skill level 5 in Fighting
  6758 | D:6      | Reached skill level 5 in Shields
  7509 | D:6      | Killed spaghetti's ghost
  7561 | D:6      | Found a bloodstained altar of Trog.
  7568 | D:6      | Found a sacrificial altar of Ru.
  7652 | D:7      | Noticed a hornet
  7655 | D:7      | Paralysed by a hornet for 3 turns
  7658 | D:7      | HP: 3/62 [hornet (12)]
  7659 | D:7      | Succumbed to a hornet's poison

Illustrated notes

Levels and vault maps discovered:
D:1:      nagdon_arrival_double_spiral, layout_basic
D:2:      layout_rooms, glass_columns_a, chequers_serial_rivers_small_3
D:3:      layout_basic, gammafunk_ghost_mausoleum
D:4:      layout_basic, mainiacjoe_overflow_concentric_impassable, serial_shops,
          nicolae_shop_waterfront
D:5:      layout_loops_ring, minmay_temple_entry_mist
D:6:      layout_layer_cave, jmf_multi_god_temple2, ebering_ghost_rock_garden,
          uniq_pikel
D:7:      layout_loops_corners, serial_co_window_serial, co_window_corner_a,
          co_window_corner_a, co_window_of_opportunity_a,
          co_window_of_opportunity_a, co_window_corner_a, co_window_2corner,
          co_window_of_opportunity_b, co_window_corner_b, co_window_4corner_b,
          co_window_paths_d, glass_columns_c, glass_columns_a, glass_columns_b,
          glass_columns_a, grunt_livestock, grunt_ministairs_7, uniq_menkaure,
          uniq_crazy_yiuf_cottage
Temple:   mainiacjoe_temple_bowtie_tessellation

Skill      XL: |  1  2  3  4  5  6  7  8 |
---------------+-------------------------+-----
Long Blades    | 2 3 4 5 6 |  6.1
Armour         | 3 4 6 |  6.0
Dodging        | 1 2 |  2.4
Shields        | 3 4 5 |  5.2
Fighting       | 4 5 |  5.1
Stealth        | |  0.6

Action                   |  1- 3 |  4- 6 |  7- 9 || total
-------------------------+-------+-------+-------++-------
Melee: Long sword        |    99 |   115 |   158 ||   372
       Headbutt          |    12 |    17 |    35 ||    64
  Use: Potion            |     4 |     4 |     8 ||    16
       Scroll            |     2 |     3 |     3 ||     8
Armor: Scale mail        |    36 |    19 |       ||    55
       Skin              |       |     6 |       ||     6
       Chain mail        |       |    32 |    86 ||   118
Dodge: Dodged            |    38 |    41 |    50 ||   129
Block: Buckler           |    38 |    62 |    95 ||   195
       Reflection        |     1 |     2 |     4 ||     7

Table legend: (Time is in decaauts)
 A = Elapsed time spent in this place.
 B = Non-inter-level travel time spent in this place.
 C = Inter-level travel time spent in this place.
 D = Time resting spent in this place.
 E = Time spent auto-exploring this place.
 F = Levels seen in this place.
 G = Mean time per level.
                   A        B        C        D        E       F      G
               +--------+--------+--------+--------+--------+-----+--------+
         Total |   7730 |   7227 |    503 |      0 |   5948 |   8 |  966.2 |
       Dungeon |   7477 |   6974 |    503 |      0 |   5755 |   7 | 1068.1 |
        Temple |    252 |    252 |      0 |      0 |    193 |   1 |  252.0 |
               +--------+--------+--------+--------+--------+-----+--------+

Top non-repeatable levels by time:
     D:6: 2565 daAuts
     D:3: 1253 daAuts
     D:1: 1164 daAuts
     D:5: 1032 daAuts
     D:2: 772 daAuts
     D:4: 681 daAuts
  Temple: 252 daAuts
     D:7: 7 daAuts
